 Dungeon Crawl Stone Soup version 0.28.0-53-g5a82cb258f (webtiles) character file.

Game seed: 17937050727457161273

70 protoss039 the Digger (level 4, 33/33 HPs)
             Began as a Demonspawn Earth Elementalist on June 2, 2022.
             Got out of the dungeon alive.
             The game lasted 00:03:52 (3342 turns).

protoss039 the Digger (DsEE)                        Turns: 3342, Time: 00:03:53

Health: 33/33      AC:  3    Str:  8    XL:     4   Next: 4%
Magic:  7/7        EV: 11    Int: 19    God:
Gold:   71         SH:  0    Dex: 13    Spells: 1/7 levels left

rFire   . . .      SeeInvis .   d - +0 short sword
rCold   . . .      Faith    .   (no shield)
rNeg    . . .      Spirit   .   f - +0 leather armour
rPois   .          Reflect  .   (no helmet)
rElec   .          Harm     .   (no cloak)
rCorr   .          Rampage  .   (no gloves)
Will    .....                   (no boots)
Stlth   ++........              (no amulet)
HPRegen 0.11/turn               (no ring)
MPRegen 0.10/turn               (no ring)

@: no status effects
A: powered by pain 1, weakness stinger 1
a: no special abilities


You escaped.
You visited 1 branch of the dungeon, and saw 2 of its levels.

You collected 71 gold pieces.

Inventory:

Hand Weapons
 d - a +0 short sword (weapon)
Missiles
 c - 25 stones
Armour
 f - a +0 leather armour (worn)
Scrolls
 a - 3 scrolls of identify {unknown}
 b - a scroll of brand weapon {unknown}
 e - a scroll of fear {unknown}


   Skills:
 * Level 1.7 Fighting
 + Level 1.1 Armour
 - Level 1.7 Dodging
 - Level 1.7 Stealth
 + Level 2.4 Spellcasting
 * Level 1.3 Conjurations
 - Level 1.0 Transmutations
 + Level 3.0 Earth Magic


You had one spell level left.
You knew the following spells:

 Your Spells              Type           Power      Damage    Failure   Level
a - Sandblast             Erth           28%        2d8       6%          1
b - Passwall              Tmut/Erth      8%         N/A       16%         2
c - Stone Arrow           Conj/Erth      20%        3d8       28%         3

Your spell library contained the following spells:

 Spells                   Type           Power      Damage    Failure   Level
 Beastly Appendage        Tmut           12%        N/A       16%         1
 Wereblood                Tmut           6%         N/A       22%         2
 Spider Form              Tmut/Pois      4%         N/A       50%         3
 Petrify                  Tmut/Erth      10%        N/A       69%         4


Dungeon Overview and Level Annotations

Branches:
Dungeon (2/15)

Altars:


Innate Abilities, Weirdness & Mutations

You sometimes gain a little power by taking damage.
You have a small tail.


Message History

The goblin shouts!
You hit the frilled lizard.
You kill the frilled lizard!
Unknown command.
The goblin barely misses you.
Unknown command.
You hit the goblin.
The goblin is severely wounded.
The goblin hits you but does no damage.
Unknown command.
You closely miss the goblin.
Your tail-slap misses the goblin.
The goblin is severely wounded.
The goblin barely misses you.
Unknown command.
You barely miss the goblin.
You tail-slap the goblin, but do no damage.
The goblin is severely wounded.
The goblin barely misses you.
You hit the goblin.
You kill the goblin!
Unknown command.
No target in view!
Unknown command.
No target in view!
Unknown command.
You see here a +0 club.
There is an open door here.
There is a stone staircase leading up here.
You climb upwards.
There is a stone staircase leading down here.
There is an open door here.
There is an open door here.
There is an open door here.
There is a staircase leading out of the dungeon here.
Are you sure you want to leave the Dungeon?
This will make you lose the game! [Y]es or [N]o only, please.
Are you sure you want to leave the Dungeon?
This will make you lose the game! [Y]es or [N]o only, please.
Are you sure you want to leave the Dungeon?
This will make you lose the game!
You have escaped!

..#...#...# #...#...#..
..'...'...#### ####...§...'..
###...#...##.#######.##...#..[###
.###..#...'...'.÷.'...'...#..###.
...####...#...#.>.#...#...####...
......#########...######'##......
##...........#######...........##
.#####.....................#####
.# ######.....@.....###### .###
#..# ############# ##.######
.#.###..# #........ ........#
#..###### .......## #..# #..#####
#..# #..# #..# #..##########
#..##### ............# #..>...#


There were no monsters in sight!

Vanquished Creatures
  A worm (D:2)
  2 dart slugs (D:1)
  5 endoplasms
  5 giant cockroaches
  7 goblins
  4 hobgoblins
  7 jackals
  8 ball pythons
  6 bats
  5 frilled lizards
  3 kobolds
  3 rats
56 creatures vanquished.

Notes
Turn   | Place    | Note
-------+----------+-------------------------------------------
     0 | D:1      | protoss039 the Demonspawn Earth Elementalist began the
                  | quest for the Orb.
     0 | D:1      | Reached XP level 1. HP: 13/13 MP: 3/3
   401 | D:1      | Noticed a great orb of eyes
   407 | D:1      | Reached skill level 1 in Transmutations
   407 | D:1      | Found a faded altar of an unknown god.
   412 | D:1      | Noticed a great orb of eyes
   412 | D:1      | Noticed an eye of devastation
   412 | D:1      | Noticed a shining eye
   681 | D:1      | Gained mutation: You sometimes gain a little power by
                  | taking damage. [demonic ancestry]
   681 | D:1      | Reached XP level 2. HP: 19/20 MP: 5/5
   745 | D:1      | Reached skill level 1 in Fighting
  1893 | D:1      | Reached XP level 3. HP: 26/26 MP: 4/6
  2021 | D:1      | Reached skill level 3 in Earth Magic
  2024 | D:1      | Learned a level 2 spell: Passwall
  2028 | D:1      | Learned a level 3 spell: Stone Arrow
  2429 | D:2      | Reached skill level 1 in Armour
  2664 | D:2      | Reached skill level 1 in Conjurations
  3220 | D:2      | Discovered your monstrous ancestry.
  3220 | D:2      | Gained mutation: You have a small tail. [demonic ancestry]
  3220 | D:2      | Reached XP level 4. HP: 26/33 MP: 7/7
  3342 | D:$      | Got out of the dungeon alive.

Illustrated notes

Levels and vault maps discovered:
D:1:      dpeg_arrival_water_fire, layout_loops_ring,
          hellmonk_ecumenical_altar_watching_god
D:2:      minmay_evil_eye, layout_basic

Skill      XL: |  1  2  3 |
---------------+----------+-----
Transmutations | 1 |  1.0
Fighting       | 1 |  1.7
Earth Magic    | 3 |  3.0
Armour         | 1 |  1.1
Conjurations   | 1 |  1.3
Dodging        | |  1.7
Stealth        | |  1.7
Spellcasting   | |  2.4

Action                   |  1- 3 |  4- 6 || total
-------------------------+-------+-------++-------
Melee: Club              |    11 |       ||    11
       Unarmed           |     4 |       ||     4
       Short sword       |   159 |     5 ||   164
       Tailslap          |       |     1 ||     1
 Cast: Sandblast         |    24 |       ||    24
       Stone Arrow       |     1 |       ||     1
 Stab: Sleeping          |     5 |       ||     5
Armor: Robe              |    37 |       ||    37
       Leather armour    |    15 |     1 ||    16
Dodge: Dodged            |   131 |     3 ||   134
